 Dungeon Crawl Stone Soup version 0.16-a0-3933-g06ce5c0 (webtiles) character file.

81 abixa the Insei (level 4, -1/23 HPs)
             Began as a Vine Stalker Monk on Feb 5, 2015.
             Was a Believer of Dithmenos.
             Slain by a gnoll
             ... wielding a +1 spear of piercing
              (7 damage)
             ... on level 2 of the Dungeon.
             The game lasted 00:05:16 (1718 turns).

abixa the Insei (Vine Stalker Monk)                 Turns: 1718, Time: 00:05:17

Health: -1/23      AC:  4    Str: 13    XL:     4   Next: 42%
Magic:  0/5        EV: 12    Int: 11    God:    Dithmenos [**....]
Gold:   94         SH:  0    Dex: 17    Spells: 0 memorised, 3 levels left

rFire  . . .     SeeInvis .       - Unarmed
rCold  . . .     Clarity  .     n - +0 leather armour
rNeg   . . .     SustAb   .     (no shield)
rPois  .         Gourm    .     (no helmet)
rElec  .         Spirit   +     (no cloak)
rCorr  .         Warding  .     (no gloves)
rMut   .         Stasis   .     q - +0 pair of boots
MR     .....                    g - amulet of faith
Stlth  ++........               (no ring)
                                (no ring)

@: wreathed by umbra, not resistant to hostile enchantments, unstealthy
A: fangs 2, regeneration 1, magic shield, antimagic bite, no device heal 3, rot
immunity
a: Shadow Step, Renounce Religion


You were on level 2 of the Dungeon.
You worshipped Dithmenos.
Dithmenos was pleased with you.
You were hungry.

You visited 1 branch of the dungeon, and saw 3 of its levels.

You collected 94 gold pieces.

Inventory:

Hand weapons
 j - a +0 dagger of freezing
Missiles
 a - 28 sling bullets
 e - 5 javelins (quivered)
 h - 12 poisoned needles
 i - 23 stones
 s - 6 tomahawks
Armour
 n - a +0 leather armour (worn)
 q - a +0 pair of boots (worn)
 v - a +0 ring mail
Jewellery
 g - an amulet of faith (around neck)
Magical devices
 m - a wand of flame (25)
Scrolls
 l - a scroll of random uselessness {unknown}
 r - 2 scrolls of teleportation {unknown}
 t - 2 scrolls of remove curse {unknown}
 w - a scroll of recharging {unknown}
Potions
 c - 2 potions of restore abilities {unknown}
 f - 3 potions of agility {unknown}
 k - a potion of might {unknown}
 o - a potion of mutation {unknown}
Comestibles
 b - a bread ration
 d - a meat ration
 p - 6 fruits


   Skills:
 - Level 2.6 Fighting
 - Level 2.4 Dodging
 - Level 2.4 Stealth
 + Level 5.7 Unarmed Combat


You had 3 spell levels left.
You didn't know any spells.

Dungeon Overview and Level Annotations

Branches:
Dungeon (3/15)

Altars:
Dithmenos


Innate Abilities, Weirdness & Mutations

You have extremely sharp teeth.
Your natural rate of healing is unusually fast.
When hurt, damage is shared between your health and your magic reserves.
Your bite disrupts and absorbs the magic of your enemies.
Potions and wands cannot restore your health.
You are immune to rotting.


Message History

There is a stone staircase leading up here.
You closely miss the gnoll. The gnoll misses you. The gnoll closely misses you.
You hit the gnoll but do no damage. You bite the gnoll. You drain its power.
The gnoll is moderately wounded.
The gnoll hits you with a spear of piercing.
The gnoll closely misses you.
You hit the gnoll but do no damage. You bite the gnoll, but do no damage.
The gnoll is moderately wounded.
The gnoll hits you with a spear of piercing.
You closely miss the gnoll. Your bite misses the gnoll.
The gnoll is lightly wounded.
The gnoll hits you. The gnoll completely misses you. The gnoll hits you. x2
The gnoll hits you with a spear of piercing.
* * * LOW HITPOINT WARNING * * *
You climb upwards.
There is a stone staircase leading down here.
The gnoll closely misses you.
The gnoll hits you with a spear of piercing!
You die...

######..# #.# ##....#. .##.###.###
#.##### #..##...
..#.......###.....##########.#####.
..#....##..######.##.........# #.
..#....###..# ##.....######### ##
.##....####.###...######
######....#..##.#......############
# ####.......######...........(#
##### ####...#g@................#
##...## #...#gg................#
#.....######...#..................#
#.....#...........................#
#.................................#
#...<.######...#..................#
#.....# #...#.........<....<...#
##...## #...####################
##### #..[#


You could see 3 gnolls.

Vanquished Creatures
  3 adders (D:2)
  A gnoll (D:3)
  A giant gecko (D:1)
  6 goblins
  6 hobgoblins
  8 jackals
  A ball python (D:1)
  4 bats
  2 giant cockroaches
  5 giant newts
  3 kobolds
40 creatures vanquished.

Notes
Turn   | Place    | Note
--------------------------------------------------------------
     0 | D:1      | abixa, the Vine Stalker Monk, began the quest for the Orb.
     0 | D:1      | Reached XP level 1. HP: 11/11 MP: 1/1
   302 | D:1      | Reached XP level 2. HP: 11/16 MP: 3/3
   813 | D:2      | Reached skill level 5 in Unarmed Combat
   813 | D:2      | Reached XP level 3. HP: 7/19 MP: 4/4
  1326 | D:2      | Found a shadowy altar of Dithmenos.
  1369 | D:2      | Reached XP level 4. HP: 20/23 MP: 5/5
  1386 | D:2      | Became a worshipper of Dithmenos the Shadowed
  1386 | D:2      | Acquired Dithmenos' first power
  1718 | D:2      | Slain by a gnoll

Action                   |  1- 3 |  4- 6 || total
-------------------------+-------+-------++-------
Melee: Unarmed           |   119 |    31 ||   150
Throw: Javelin           |     3 |       ||     3
  Eat: Chunk             |     1 |     1 ||     2
